 Dungeon Crawl Stone Soup version 0.31-a0-426-g3a05650e59 (webtiles) character file.

Game seed: 2879870700451789785

129 juan097 the Magician (level 5, -9/38 HPs)
             Began as a Djinni Earth Elementalist on July 30, 2023.
             Killed by divine providence
             ... invoked by an orc priest
              (13 damage)
             ... on level 3 of the Dungeon.
             The game lasted 00:04:14 (1746 turns).

juan097 the Magician (Djinni Earth Elementalist)    Turns: 1746, Time: 00:04:15

Health: -9/38      AC:  3    Str:  7    XL:     5   Next: 35%
Gold:   116        EV: 12    Int: 18    God:
                   SH:  0    Dex: 14

rFire   + + .        (no weapon)
rCold   x . .        (no shield)
rNeg    . . .        a - +0 robe
rPois   ∞            (no helmet)
rElec   .            (no cloak)
rCorr   .            g - +0 pair of gloves
SInv    .            (boots unavailable)
Will    .....        (no amulet)
Stlth   ++           (no ring)
HPRegen 0.26/turn    (no ring)
MPRegen 0.00/turn

%: infuse magic (-10 HP)
@: flying
A: sickness immunity, fire resistance 2, cold vulnerability 1, float, innate
caster, HP casting, extra vitality 1
a: no special abilities


You were on level 3 of the Dungeon.
You visited 1 branch of the dungeon, and saw 3 of its levels.

You collected 116 gold pieces.

Inventory:

Armour
 a - a +0 robe (worn)
 g - a +0 pair of gloves (worn)
Wands
 l - a wand of light (10)
Scrolls
 d - 2 scrolls of teleportation {unknown}
 h - 2 scrolls of identify {unknown}
 n - a scroll of brand weapon {unknown}
Potions
 b - a potion of heal wounds {unknown}
 c - a potion of enlightenment {unknown}
 e - a potion of attraction {unknown}
 f - a potion of might {unknown}
 i - a potion of mutation {unknown}
 j - a potion of lignification {unknown}
 k - a potion of curing {unknown}
 m - a potion of brilliance {unknown}


   Skills:
 + Level 1.7 Fighting
 - Level 2.1 Dodging
 * Level 3.1 Stealth
 * Level 3.7 Spellcasting
 * Level 3.7 Conjurations
 * Level 3.7 Hexes
   Level 0.0 Charms
 * Level 3.7 Summonings
 * Level 3.7 Necromancy
 * Level 3.7 Translocations
 * Level 3.7 Transmutations
 * Level 3.7 Fire Magic
 * Level 3.7 Ice Magic
 * Level 3.7 Air Magic
 * Level 3.7 Earth Magic
 * Level 3.7 Poison Magic


You knew the following spells:

 Your Spells              Type           Power      Damage    Failure   Level
a - Sandblast             Erth           32%        2d9       3%          1
b - Passwall              Tmut/Erth      13%        N/A       4%          2
c - Stone Arrow           Conj/Erth      32%        3d9       10%         3
d - Petrify               Tmut/Erth      16%        N/A       32%         4
e - Sting                 Tmut/Pois      64%        1d6       3%          1
f - Searing Ray           Conj           32%        2d5       4%          2
Your spell library was empty.

Dungeon Overview and Level Annotations

Branches:
Dungeon (3/15)

Altars:


Innate Abilities, Weirdness & Mutations

You are immune to sickness and miasma.
You are immune to poison.
Your flesh is very heat resistant. (rF++)
You are vulnerable to cold. (rC-)
You float through the air rather than walking.
You learn spells naturally, not from books.
Your magical power is your life essence.
You have superior vitality. (+4 MHP)


Message History

The searing ray hits the orc.
You kill the orc!
The orc priest invokes the aid of Beogh against you.
Beogh smites you!
* * * LOW HITPOINT WARNING * * *
Your Stealth skill increases to level 3!
The searing ray hits the orc wizard.
The orc wizard is almost dead.
* * * LOW HITPOINT WARNING * * *
The searing ray hits the orc wizard.
The orc wizard is almost dead.
The searing ray hits the endoplasm.
The endoplasm is heavily wounded.
* * * LOW HITPOINT WARNING * * *
You finish channelling your searing ray.
The orc wizard casts a spell at you. The puff of flame hits you. You resist.
* * * LOW HITPOINT WARNING * * *
Casting: Searing Ray (safe; 5% risk of failure)
Confirm with . or Enter, or press ? or * to list all spells.
Aiming: Sandblast (safe; 3% risk of failure)
Press: ? - help, Shift-Dir - straight line, f/p - orc wizard
Aim: an orc wizard, wielding a +1 dagger of pain and wearing a +0 robe (almost dead, 77% to hit)
The blast of sand hits the orc wizard.
You kill the orc wizard!
* * * LOW HITPOINT WARNING * * *
The orc priest casts a cantrip, but nothing happens.
Casting: Sandblast (safe; 3% risk of failure)
Confirm with . or Enter, or press ? or * to list all spells.
Aiming: Sandblast (safe; 3% risk of failure)
Press: ? - help, Shift-Dir - straight line, f - endoplasm
Aim: an endoplasm (heavily wounded, 98% to hit)
The blast of sand hits the endoplasm.
You kill the endoplasm!
* * * LOW HITPOINT WARNING * * *
The orc priest looks encouraged for a moment.
There is a stone staircase leading up here.
The orc priest calls down the wrath of Beogh upon you.
Beogh smites you!
You die...

#. ### #.
.!. #.###.#
..... ...#
#.#######.#
#....@..o†#
#########o#
#.# #o# #o#
#.# #)# ...
...


You could see an orc priest and an orc.

Vanquished Creatures
  An orc wizard (D:3)
  3 gnolls
  2 adders (D:2)
  3 dart slugs
  2 orcs (D:3)
  5 ball pythons
  5 endoplasms
  4 goblins
  8 hobgoblins
  4 kobolds
  A quokka (D:1)
  5 bats
  A frilled lizard (D:1)
  7 rats
51 creatures vanquished.

Notes
Turn   | Place    | Note
-------+----------+-------------------------------------------
     0 | D:1      | juan097 the Djinni Earth Elementalist began the quest for
                  | the Orb.
     0 | D:1      | juan097 set off with the following spells memorised:
                  | Sandblast, Passwall, Stone Arrow, Petrify.
     0 | D:1      | Reached XP level 1. HP: 15/15 MP: 0/0
   134 | D:1      | Reached XP level 2. HP: 19/21 MP: 0/0
   318 | D:1      | Reached XP level 3. HP: 25/26 MP: 0/0
   318 | D:1      | Learned a level 1 spell: Sting
   750 | D:1      | Reached skill level 1 in Fighting
   845 | D:2      | Found a faded altar of an unknown god.
  1047 | D:2      | Reached XP level 4. HP: 29/32 MP: 0/0
  1536 | D:2      | Reached XP level 5. HP: 35/37 MP: 0/0
  1536 | D:2      | Learned a level 2 spell: Searing Ray
  1746 | D:3      | Killed from afar by an orc priest

Illustrated notes

Levels and vault maps discovered:
D:1:      elethiomel_arrival_maze, layout_basic, serial_forest,
          infiniplex_forest_end_double, infiniplex_forest_lined_room_,
          infiniplex_forest_straight_4, infiniplex_forest_straight_2,
          infiniplex_forest_clump_double, infiniplex_forest_side_room,
          infiniplex_forest_end_double, minmay_cupped
D:2:      layout_basic, shapermc_ecumenical_altar_mp_ritualfount
D:3:      layout_loops_corners, mainiacjoe_overflow_alcove_4,
          minmay_misc_feat_nine_boxes

Skill      XL: |  1  2  3  4  5 |
---------------+----------------+-----
Spellcasting   | |  3.7
Conjurations   | |  3.7
Hexes          | |  3.7
Summonings     | |  3.7
Necromancy     | |  3.7
Translocations | |  3.7
Transmutations | |  3.7
Fire Magic     | |  3.7
Ice Magic      | |  3.7
Air Magic      | |  3.7
Earth Magic    | |  3.7
Poison Magic   | |  3.7
Stealth        | 2 3 |  3.1
Fighting       | 1 |  1.7
Dodging        | |  2.1

Action                     |  1- 3 |  4- 6 || total
---------------------------+-------+-------++-------
  Melee: Unarmed           |     6 |       ||     6
   Cast: Sandblast         |    41 |    22 ||    63
         Searing Ray       |       |     1 ||     1
 Armour: Robe              |     3 |       ||     3
  Dodge: Dodged            |     9 |       ||     9

Table legend: (Time is in decaauts)
 A = Elapsed time spent in this place.
 B = Non-inter-level travel time spent in this place.
 C = Inter-level travel time spent in this place.
 D = Time resting spent in this place.
 E = Time spent auto-exploring this place.
 F = Levels seen in this place.
 G = Mean time per level.
                   A        B        C        D        E       F      G
               +--------+--------+--------+--------+--------+-----+--------+
         Total |   1777 |   1651 |    126 |      0 |   1350 |   3 |  592.3 |
       Dungeon |   1777 |   1651 |    126 |      0 |   1350 |   3 |  592.3 |
               +--------+--------+--------+--------+--------+-----+--------+

Top non-repeatable levels by time:
     D:1: 889 daAuts
     D:2: 864 daAuts
     D:3: 23 daAuts
